| TOP OF THE 1ST |
|
Bluefield Blue Jays batting - Pitching for Baltimore (APP) Orioles : RHP Clifton Stannard
|
|
Pitching: RHP Clifton Stannard
|
|
|
Batting: RHB Ed Swafford
|
0-0: Ball 1-0: Ball 2-0: Foul Ball, location: 2F 2-1: Foul Ball, location: 2F 2-2: Strikes out swinging
|
|
Batting: RHB Jorge Cruz
|
0-0: Foul Ball, location: 2F 0-1: Ball 1-1: Foul Ball, location: 2F 1-2: Ball 2-2: Strikes out swinging
|
|
Batting: RHB John Rios
|
0-0: Ball 1-0: Foul Ball, location: 2F 1-1: Swinging Strike 1-2: SINGLE (Groundball, 4D, EV 105.0 MPH)
|
|
Batting: RHB Terry Plumley
|
0-0: Called Strike 0-1: Ball Wild Pitch! John Rios to second 1-1: Ball Wild Pitch! John Rios to third 2-1: Ball 3-1: Fly out, F7 (Flyball, 7D, EV 91.2 MPH)
|
| Top of the 1st over - 0 runs, 1 hit, 0 errors, 1 left on base; Bluefield 0 - Baltimore (APP) 0 |
| BOTTOM OF THE 1ST |
|
Baltimore (APP) Orioles batting - Pitching for Bluefield Blue Jays : RHP Jon Thomason
|
|
Pitching: RHP Jon Thomason
|
|
|
Batting: RHB Juan Eyrich
|
0-0: Called Strike 0-1: Foul Ball, location: 2F 0-2: Fly out, F7 (Flyball, 78D, EV 106.9 MPH)
|
|
Batting: RHB C.J. Wells
|
0-0: Foul Ball, location: 2F 0-1: Foul Ball, location: 2F 0-2: Strikes out looking
|
|
Batting: LHB Jeremy Nuzzo
|
0-0: Called Strike 0-1: Ball 1-1: Fly out, F7 (Flyball, 7LM, EV 85.0 MPH)
|
| Bottom of the 1st over - 0 runs, 0 hits, 0 errors, 0 left on base; Bluefield 0 - Baltimore (APP) 0 |
| TOP OF THE 2ND |
|
Bluefield Blue Jays batting - Pitching for Baltimore (APP) Orioles : RHP Clifton Stannard
|
|
Batting: RHB Mike Johnson
|
0-0: Called Strike 0-1: Foul Ball, location: 2F 0-2: Ground out 5-3 (Groundball, 56, EV 82.5 MPH)
|
|
Batting: LHB Nate Greening
|
0-0: Called Strike 0-1: Ball 1-1: Called Strike 1-2: Foul Ball, location: 2F 1-2: Foul Ball, location: 2F 1-2: Foul Ball, location: 2F 1-2: Ball 2-2: Foul Ball, location: 2F 2-2: Ball 3-2: Base on Balls
|
|
Batting: LHB Ron de Vos
|
0-0: Ball 1-0: Called Strike 1-1: Called Strike 1-2: Foul Ball, location: 2F 1-2: Ball 2-2: Strikes out looking
|
|
Batting: RHB Lao-che Zhu
|
0-0: Ball Nate Greening steals 2nd, throwing error, E2 Nate Greening to third 1-0: Ground out 5-3 (Groundball, 56S, EV 62.5 MPH)
|
| Top of the 2nd over - 0 runs, 0 hits, 1 error, 1 left on base; Bluefield 0 - Baltimore (APP) 0 |
| BOTTOM OF THE 2ND |
|
Baltimore (APP) Orioles batting - Pitching for Bluefield Blue Jays : RHP Jon Thomason
|
|
Batting: RHB Minoru Matsumoto
|
0-0: SINGLE (Groundball, 56D, EV 95.6 MPH)
|
|
Batting: LHB Chris Cohen
|
0-0: Ball 1-0: Called Strike 1-1: Swinging Strike 1-2: Fielders Choice at 2nd, 6-4 (Groundball, 6, EV 78.1 MPH)
|
|
Batting: LHB Xue-liang Zhou
|
0-0: Ball 1-0: Ball 2-0: Ball 3-0: Called Strike 3-1: Fly out, F8 (Flyball, 78M, EV 73.8 MPH)
|
|
Batting: RHB Ruben Domingues
|
0-0: Ground out 1-3 (Groundball, 13S, EV 63.1 MPH)
|
| Bottom of the 2nd over - 0 runs, 1 hit, 0 errors, 1 left on base; Bluefield 0 - Baltimore (APP) 0 |
| TOP OF THE 3RD |
|
Bluefield Blue Jays batting - Pitching for Baltimore (APP) Orioles : RHP Clifton Stannard
|
|
Batting: RHB Benedikt Fleischmann
|
0-0: Foul Ball, location: 2F 0-1: Ball 1-1: Ball 2-1: Ball 3-1: Swinging Strike 3-2: Fly out, F7 (Flyball, 7, EV 90.6 MPH)
|
|
Batting: RHB Ed Swafford
|
0-0: Called Strike 0-1: Swinging Strike 0-2: Ball 1-2: Ball 2-2: Ball 3-2: Strikes out swinging
|
|
Batting: RHB Jorge Cruz
|
0-0: Ball 1-0: Called Strike 1-1: Swinging Strike 1-2: Ball 2-2: Ball 3-2: Strikes out swinging
|
| Top of the 3rd over - 0 runs, 0 hits, 0 errors, 0 left on base; Bluefield 0 - Baltimore (APP) 0 |
| BOTTOM OF THE 3RD |
|
Baltimore (APP) Orioles batting - Pitching for Bluefield Blue Jays : RHP Jon Thomason
|
|
Batting: RHB Han Caspers
|
0-0: Fly out, F8 (Flyball, 8RM, EV 88.1 MPH)
|
|
Batting: LHB Edwin Cabral
|
0-0: Swinging Strike 0-1: Ball 1-1: Ball 2-1: Foul Ball, location: 2F 2-2: Ball 3-2: Strikes out swinging
|
|
Batting: RHB Juan Eyrich
|
0-0: DOUBLE (Line Drive, 8RD, EV 103.8 MPH)
|
|
Batting: RHB C.J. Wells
|
0-0: Ball 1-0: Called Strike 1-1: Ball 2-1: Foul Ball, location: 2F 2-2: Fly out, F8 (Flyball, 89S, EV 86.9 MPH)
|
| Bottom of the 3rd over - 0 runs, 1 hit, 0 errors, 1 left on base; Bluefield 0 - Baltimore (APP) 0 |
| TOP OF THE 4TH |
|
Bluefield Blue Jays batting - Pitching for Baltimore (APP) Orioles : RHP Clifton Stannard
|
|
Batting: RHB John Rios
|
0-0: Ball 1-0: DOUBLE (Line Drive, 9LS, EV 103.1 MPH)
|
|
Batting: RHB Terry Plumley
|
0-0: Ball 1-0: Foul Ball, location: 2F 1-1: Called Strike 1-2: Ball 2-2: Foul Ball, location: 2F 2-2: Foul Ball, location: 2F 2-2: DOUBLE (Line Drive, 89D, EV 102.5 MPH) John Rios scores
|
|
Batting: RHB Mike Johnson
|
0-0: Ball 1-0: Ground out 4-3 (Groundball, 4, EV 101.9 MPH) Terry Plumley to third
|
|
Batting: LHB Nate Greening
|
0-0: Called Strike 0-1: Ball 1-1: Swinging Strike 1-2: Strikes out swinging
|
|
Batting: LHB Ron de Vos
|
0-0: Called Strike 0-1: Swinging Strike 0-2: Strikes out swinging
|
| Top of the 4th over - 1 run, 2 hits, 0 errors, 1 left on base; Bluefield 1 - Baltimore (APP) 0 |
| BOTTOM OF THE 4TH |
|
Baltimore (APP) Orioles batting - Pitching for Bluefield Blue Jays : RHP Jon Thomason
|
|
Batting: LHB Jeremy Nuzzo
|
0-0: Called Strike 0-1: Foul Ball, location: 2F 0-2: Foul Ball, location: 2F 0-2: Strikes out swinging
|
|
Batting: RHB Minoru Matsumoto
|
0-0: Called Strike 0-1: Ball 1-1: Ball 2-1: Foul Ball, location: 2F 2-2: Foul Ball, location: 2F 2-2: Ball 3-2: Fly out, F8 (Flyball, 8RM, EV 84.4 MPH)
|
|
Batting: LHB Chris Cohen
|
0-0: Ball 1-0: Ball 2-0: Ball 3-0: Called Strike 3-1: Foul Ball, location: 2F 3-2: DOUBLE (Groundball, 3L, EV 104.4 MPH)
|
|
Batting: LHB Xue-liang Zhou
|
0-0: Ball 1-0: Ball 2-0: Ground out 4-3 (Groundball, 4, EV 101.2 MPH)
|
| Bottom of the 4th over - 0 runs, 1 hit, 0 errors, 1 left on base; Bluefield 1 - Baltimore (APP) 0 |
| TOP OF THE 5TH |
|
Bluefield Blue Jays batting - Pitching for Baltimore (APP) Orioles : RHP Clifton Stannard
|
|
Batting: RHB Lao-che Zhu
|
0-0: Ball 1-0: Called Strike 1-1: Swinging Strike 1-2: Strikes out swinging
|
|
Batting: RHB Benedikt Fleischmann
|
0-0: Ball 1-0: SINGLE (Line Drive, 78M, EV 95.6 MPH)
|
|
Batting: RHB Ed Swafford
|
0-0: Ball Benedikt Fleischmann steals 2nd base 1-0: Ball 2-0: Called Strike 2-1: Fly out, F7 (Flyball, 7, EV 83.1 MPH)
|
|
Batting: RHB Jorge Cruz
|
0-0: Called Strike 0-1: Ball 1-1: DOUBLE (Flyball, 89D, EV 89.4 MPH) Benedikt Fleischmann scores
|
|
Batting: RHB John Rios
|
0-0: SINGLE (Groundball, 6D, EV 98.1 MPH) Jorge Cruz to third Runner from 3rd tries for Home, SAFE, throw by LF to home
|
|
Batting: RHB Terry Plumley
|
0-0: Ball 1-0: Foul Ball, location: 2F 1-1: Ball 2-1: Foul Ball, location: 2F 2-2: DOUBLE (Line Drive, 89XD, EV 100.6 MPH) John Rios to third Runner from 3rd tries for Home, SAFE, no throw by RF
|
|
Batting: RHB Mike Johnson
|
0-0: Called Strike 0-1: Ball 1-1: DOUBLE (Line Drive, 9LS, EV 91.9 MPH) Terry Plumley scores
|
|
Pitching: RHP Joe Sloboda
|
|
|
Batting: LHB Nate Greening
|
0-0: Foul Ball, location: 2F 0-1: Foul Ball, location: 2F 0-2: Foul Ball, location: 2F 0-2: Ball 1-2: Strikes out swinging
|
| Top of the 5th over - 4 runs, 5 hits, 0 errors, 1 left on base; Bluefield 5 - Baltimore (APP) 0 |
| BOTTOM OF THE 5TH |
|
Baltimore (APP) Orioles batting - Pitching for Bluefield Blue Jays : RHP Jon Thomason
|
|
Batting: RHB Ruben Domingues
|
0-0: Ball 1-0: Ball 2-0: Called Strike 2-1: Called Strike 2-2: Foul Ball, location: 2F 2-2: Strikes out looking
|
|
Batting: RHB Han Caspers
|
0-0: Ball 1-0: Ground out 4-3 (Groundball, 34D, EV 105.6 MPH)
|
|
Batting: LHB Edwin Cabral
|
0-0: Called Strike 0-1: Ground out 6-3 (Groundball, 6, EV 104.4 MPH)
|
| Bottom of the 5th over - 0 runs, 0 hits, 0 errors, 0 left on base; Bluefield 5 - Baltimore (APP) 0 |
| TOP OF THE 6TH |
|
Bluefield Blue Jays batting - Pitching for Baltimore (APP) Orioles : RHP Joe Sloboda
|
|
Batting: LHB Ron de Vos
|
0-0: Ball 1-0: Foul Ball, location: 2F 1-1: Ball 2-1: Foul Ball, location: 2F 2-2: Strikes out swinging
|
|
Batting: RHB Lao-che Zhu
|
0-0: Foul Ball, location: 2F 0-1: Fly out, F7 (Line Drive, 7, EV 91.9 MPH)
|
|
Batting: RHB Benedikt Fleischmann
|
0-0: Foul Ball, location: 2F 0-1: Swinging Strike 0-2: Ground out 5-3 (Groundball, 56, EV 90.0 MPH)
|
| Top of the 6th over - 0 runs, 0 hits, 0 errors, 0 left on base; Bluefield 5 - Baltimore (APP) 0 |
| BOTTOM OF THE 6TH |
|
Baltimore (APP) Orioles batting - Pitching for Bluefield Blue Jays : RHP Jon Thomason
|
|
Batting: RHB Juan Eyrich
|
0-0: Called Strike 0-1: Ball 1-1: Fly out, F8 (Flyball, 8LXD, EV 103.1 MPH)
|
|
Batting: RHB C.J. Wells
|
0-0: Called Strike 0-1: Foul Ball, location: 2F 0-2: Ball 1-2: Ground out 6-3 (Groundball, 6, EV 82.5 MPH)
|
|
Batting: LHB Jeremy Nuzzo
|
0-0: Called Strike 0-1: Fly out, F7 (Flyball, 7, EV 92.5 MPH)
|
| Bottom of the 6th over - 0 runs, 0 hits, 0 errors, 0 left on base; Bluefield 5 - Baltimore (APP) 0 |
| TOP OF THE 7TH |
|
Bluefield Blue Jays batting - Pitching for Baltimore (APP) Orioles : RHP Joe Sloboda
|
|
Batting: RHB Ed Swafford
|
0-0: Ball 1-0: Ball 2-0: SOLO HOME RUN (Flyball, 78XD, EV 108.8 MPH), Distance : 427 ft
|
|
Batting: RHB Jorge Cruz
|
0-0: Ball 1-0: DOUBLE (Line Drive, 7LS, EV 93.1 MPH)
|
|
Batting: RHB John Rios
|
0-0: Ball 1-0: Foul Ball, location: 2F 1-1: Swinging Strike 1-2: Ball 2-2: Ball 3-2: Base on Balls
|
|
Batting: RHB Terry Plumley
|
0-0: Ball 1-0: Called Strike 1-1: Ball 2-1: Ball 3-1: Foul Ball, location: 2F 3-2: 3-RUN HOME RUN (Flyball, 78XD, EV 114.4 MPH), Distance : 427 ft
|
|
Batting: RHB Mike Johnson
|
0-0: Foul Ball, location: 2F 0-1: Ball 1-1: Ball 2-1: Ball 3-1: SOLO HOME RUN (Flyball, 7LD, EV 94.4 MPH), Distance : 353 ft
|
|
Pitching: RHP J.J. Maetzold
|
|
|
Batting: LHB Nate Greening
|
0-0: Called Strike 0-1: Ball 1-1: Ball 2-1: Ball 3-1: Foul Ball, location: 2F 3-2: Fly out, F6 (Line Drive, 6, EV 65.6 MPH)
|
|
Batting: LHB Ron de Vos
|
0-0: Called Strike 0-1: Swinging Strike 0-2: Foul Ball, location: 2F 0-2: Ball 1-2: Strikes out swinging
|
|
Pinch Hitting: SHB Kevin Watson
|
0-0: Ball 1-0: Called Strike 1-1: Fly out, F9 (Flyball, 89M, EV 96.2 MPH)
|
| Top of the 7th over - 5 runs, 4 hits, 0 errors, 0 left on base; Bluefield 10 - Baltimore (APP) 0 |
| BOTTOM OF THE 7TH |
|
Baltimore (APP) Orioles batting - Pitching for Bluefield Blue Jays : RHP Jon Thomason
|
|
Now at 3B: Kevin Watson
|
|
|
Batting: RHB Minoru Matsumoto
|
0-0: Called Strike 0-1: Ball 1-1: Called Strike 1-2: Foul Ball, location: 2F 1-2: Foul Ball, location: 2F 1-2: Ball 2-2: Foul Ball, location: 2F 2-2: Ball 3-2: Foul Ball, location: 2F 3-2: Strikes out swinging
|
|
Batting: LHB Chris Cohen
|
0-0: Ball 1-0: Foul Ball, location: 2F 1-1: Ball 2-1: SOLO HOME RUN (Flyball, 7LD, EV 96.2 MPH), Distance : 368 ft
|
|
Batting: LHB Xue-liang Zhou
|
0-0: Called Strike 0-1: Fly out, F7 (Flyball, 7, EV 96.2 MPH)
|
|
Batting: RHB Ruben Domingues
|
0-0: SOLO HOME RUN (Flyball, 78XD, EV 110.0 MPH), Distance : 438 ft
|
|
Batting: RHB Han Caspers
|
0-0: Ground out U3 (Groundball, 13, EV 86.2 MPH)
|
| Bottom of the 7th over - 2 runs, 2 hits, 0 errors, 0 left on base; Bluefield 10 - Baltimore (APP) 2 |
| TOP OF THE 8TH |
|
Bluefield Blue Jays batting - Pitching for Baltimore (APP) Orioles : RHP J.J. Maetzold
|
|
Pinch Hitting: RHB Mike Chamberlain
|
0-0: Foul Ball, location: 2F 0-1: Foul Ball, location: 2F 0-2: Ball 1-2: Ball 2-2: Ball 3-2: Strikes out swinging
|
|
Batting: RHB Ed Swafford
|
0-0: Called Strike 0-1: Ground out 5-3 (Groundball, 56, EV 80.0 MPH)
|
|
Batting: RHB Jorge Cruz
|
0-0: Ball 1-0: Fly out, F6 (Line Drive, 6, EV 68.1 MPH)
|
| Top of the 8th over - 0 runs, 0 hits, 0 errors, 0 left on base; Bluefield 10 - Baltimore (APP) 2 |
| BOTTOM OF THE 8TH |
|
Baltimore (APP) Orioles batting - Pitching for Bluefield Blue Jays : RHP Jon Thomason
|
|
Pitching: RHP Aaron Meiggs
|
|
|
Now in RF: Mike Chamberlain
|
|
|
Batting: LHB Edwin Cabral
|
0-0: Ground out 4-3 (Groundball, 34, EV 110.6 MPH)
|
|
Batting: RHB Juan Eyrich
|
0-0: SINGLE (Line Drive, 4MD, EV 98.8 MPH)
|
|
Batting: RHB C.J. Wells
|
0-0: Called Strike 0-1: Called Strike 0-2: Ball 1-2: Strikes out swinging
|
|
Batting: LHB Jeremy Nuzzo
|
0-0: Ball 1-0: Foul Ball, location: 2F 1-1: Ball 2-1: Ball 3-1: Base on Balls Juan Eyrich to second
|
|
Batting: RHB Minoru Matsumoto
|
0-0: Swinging Strike 0-1: Fly out, F7 (Flyball, 7, EV 85.0 MPH)
|
| Bottom of the 8th over - 0 runs, 1 hit, 0 errors, 2 left on base; Bluefield 10 - Baltimore (APP) 2 |
| TOP OF THE 9TH |
|
Bluefield Blue Jays batting - Pitching for Baltimore (APP) Orioles : RHP J.J. Maetzold
|
|
Batting: RHB John Rios
|
0-0: Ball 1-0: Ball 2-0: Called Strike 2-1: Ball 3-1: Base on Balls
|
|
Batting: RHB Terry Plumley
|
0-0: Ball 1-0: Ball 2-0: Foul Ball, location: 2F 2-1: Swinging Strike 2-2: Ball 3-2: Fly out, F8 (Line Drive, 8RM, EV 94.4 MPH)
|
|
Batting: RHB Mike Johnson
|
0-0: Ball 1-0: Fielders Choice at 2nd, 6-4 (Groundball, 6, EV 84.4 MPH)
|
|
Batting: LHB Nate Greening
|
0-0: Hit by Pitch Mike Johnson to second
|
|
Batting: LHB Ron de Vos
|
0-0: Ball 1-0: Ball 2-0: Called Strike 2-1: Reached on error, E4 (Groundball, 13, EV 90.6 MPH) Mike Johnson scores Nate Greening to third
|
|
Batting: SHB Kevin Watson
|
0-0: Ball 1-0: Ball 2-0: Called Strike 2-1: Foul Ball, location: 2F 2-2: Ball 3-2: Strikes out swinging
|
| Top of the 9th over - 1 run, 0 hits, 1 error, 2 left on base; Bluefield 11 - Baltimore (APP) 2 |
| BOTTOM OF THE 9TH |
|
Baltimore (APP) Orioles batting - Pitching for Bluefield Blue Jays : RHP Aaron Meiggs
|
|
Batting: LHB Chris Cohen
|
0-0: Ball 1-0: Ball 2-0: DOUBLE (Line Drive, 7LM, EV 105.0 MPH)
|
|
Batting: LHB Xue-liang Zhou
|
0-0: Ball 1-0: Ball 2-0: Ball 3-0: Foul Ball, location: 2F 3-1: Foul Ball, location: 2F 3-2: Strikes out swinging
|
|
Pinch Hitting: SHB Eric Kelley
|
0-0: Ball 1-0: Foul Ball, location: 2F 1-1: Foul Ball, location: 2F 1-2: Ball Wild Pitch! Chris Cohen to third 2-2: Foul Ball, location: 2F 2-2: Strikes out swinging, 2-3 out at first.
|
|
Batting: RHB Han Caspers
|
0-0: Ball 1-0: Ball 2-0: Swinging Strike 2-1: Fly out, F7 (Flyball, 78M, EV 95.0 MPH)
|
| Bottom of the 9th over - 0 runs, 1 hit, 0 errors, 1 left on base; Bluefield 11 - Baltimore (APP) 2 |
|